 Dungeon Sprint DCSS version 0.28-a0-691-gad6df49e81 (webtiles) character file.

Game seed: 501521885202779092

1737 Rocko1345 the Fighter (level 9, -29/79 HPs)
             Began as a Human Wanderer on Oct 22, 2021.
             Was the Champion of the Shining One.
             Annihilated by Tapibb the pandemonium lord (32 damage)
             ... in the Dungeon (Sprint V: "Ziggurat Sprint").
             The game lasted 00:08:16 (831 turns).

Rocko1345 the Fighter (Human Wanderer)               Turns: 831, Time: 00:08:17

Health: -29/79     AC: 20    Str: 23    XL:     9   Next: 26%
Magic:  10/10      EV:  5    Int: 13    God:    the Shining One [******]
Gold:   0          SH: 12    Dex: 14    Spells: 9/9 levels left

rFire   + + .      SeeInvis .   G - +7 Screaming Sword {vorpal, sonic wave}
rCold   + + .      Faith    .   E - +3 kite shield
rNeg    + + +      Spirit   .   n - +5 plate armour
rPois   +          Reflect  .   (no helmet)
rElec   +          Harm     .   (no cloak)
rCorr   +          Rampage  .   L - +1 pair of gloves {Dex+3}
Will    .....      NoTele   +   (no boots)
Stlth   ..........              (no amulet)
HPRegen 0.23/turn               J - ring "Ukiaph" {rF+ rC+}
MPRegen 0.12/turn               A - +6 ring of strength

@: resistant, glowing
A: no striking features
a: Renounce Religion, Divine Shield, Cleansing Flame, Summon Divine Warrior,
Brand Weapon With Holy Wrath


You were in the Dungeon.
You worshipped the Shining One.
The Shining One was exalted by your worship.
You visited 1 branch

Inventory:

Hand Weapons
 a - a +2 dagger
 c - a +0 falchion
 d - a +0 spear
 F - a +5 double sword
 G - the +7 Screaming Sword (weapon) {vorpal, sonic wave}
   (You found it in the Dungeon)

   It inflicts extra damage upon your enemies.
   It radiates damaging sonic waves as it strikes, especially in combat
   involving dangerous or numerous foes.
 H - the +8 shortbow of Gozag's Pride {freeze, rC+ Will+}
   (You found it in the Dungeon)

   Any ammunition fired from it freezes those it strikes, dealing additional
   cold damage.
   It can also slow down cold-blooded creatures.
   rC:        It protects you from cold.
   Will:      It increases your willpower.
 O - the +8 mithril axe "Arga" {speed, Will+}
   (You found it in the Dungeon)

   Attacks with this weapon are significantly faster.
   Will:      It increases your willpower.
Armour
 e - a +0 robe
 n - a +5 plate armour (worn)
 E - a +3 kite shield (worn)
 L - a +1 pair of gloves of dexterity (worn)
Jewellery
 u - a ring of flight
 v - a +6 ring of dexterity
 w - a +6 ring of dexterity
 x - a +6 ring of intelligence
 y - a +6 ring of intelligence
 z - a +6 ring of strength
 A - a +6 ring of strength (right hand)
 J - the ring "Ukiaph" (left hand) {rF+ rC+}
   (You found it in the Dungeon)

   [ring of protection from cold]

   rF:        It protects you from fire.
   rC:        It protects you from cold.
 K - a +6 ring of intelligence
 P - a +6 ring of intelligence
Wands
 B - a wand of mindburst (7)
 C - a wand of iceblast (7)
 D - a wand of acid (7)
Scrolls
 j - 4 scrolls of blinking
 p - 4 scrolls of amnesia
 q - 7 scrolls of fog
 s - 5 scrolls of identify
 t - 2 scrolls of fear
 I - 2 scrolls of brand weapon
Potions
 b - 4 potions of berserk rage
 f - 9 potions of curing
 g - 6 potions of heal wounds
 h - 6 potions of haste
 i - 7 potions of magic
 k - 2 potions of brilliance
 l - 2 potions of invisibility
 m - 3 potions of resistance
 o - 5 potions of might
Miscellaneous
 M - a lightning rod (4/4)
 N - a phial of floods
 Q - a tin of tremorstones (2/2)


   Skills:
 * Level 10.6 Fighting
 + Level 0.8(5.3) Short Blades
 * Level 8.5(8.6) Long Blades
 + Level 1.3(6.1) Axes
 + Level 1.1(1.6) Maces & Flails
 + Level 9.3(9.4) Polearms
 + Level 0.8(5.9) Staves
 + Level 0.8(1.2) Slings
 + Level 0.8 Bows
 + Level 0.8 Crossbows
 + Level 1.2(1.4) Throwing
 * Level 7.6 Armour
 + Level 1.4 Dodging
 + Level 4.9 Stealth
 * Level 5.4 Shields
 + Level 1.2 Unarmed Combat
 + Level 0.7 Spellcasting
 + Level 0.8 Conjurations
 + Level 0.8 Hexes
 + Level 0.8 Summonings
 + Level 0.8 Necromancy
 + Level 0.8 Translocations
 + Level 0.8 Transmutations
 + Level 1.1 Fire Magic
 + Level 0.8 Ice Magic
 + Level 0.8 Air Magic
 + Level 0.8 Earth Magic
 + Level 0.8 Poison Magic
 + Level 0.8 Evocations


You had 9 spell levels left.
You didn't know any spells.
Your spell library contained the following spells:

 Spells                   Type           Power      Damage    Failure   Level
 Beastly Appendage        Tmut           4%         N/A       100%        1
 Corpse Rot               Necr/Air       4%         N/A       100%        2
 Dispel Undead            Necr           2%         3d7       100%        4
 Silence                  Hex/Air        1%         N/A       100%        5
 Death Channel            Necr           1%         N/A       100%        6
 Statue Form              Tmut/Erth      1%         N/A       100%        6
 Discord                  Hex            1%         N/A       100%        8


Dungeon Overview and Level Annotations

Branches:
Dungeon (1/1)

Altars:
Ashenzari
Cheibriados
Dithmenos
Elyvilon
Fedhas
Gozag
Hepliaklqana
Kikubaaqudgha
Makhleb
Nemelex Xobeh
Okawaru
Qazlal
Ru
Sif Muna
Trog
Uskayaw
Vehumet
Wu Jian
Xom
Yredelemnul
Zin
The Shining One
Beogh
Jiyva
Lugonu


Message History

You kill the iron imp!
The Shining One accepts your kill.
You feel better.
The shadow imp convulses!
You kill the shadow imp!
The Shining One accepts your kill.
You are engulfed in freezing vapours.
You resist.
Tapibb is engulfed in freezing vapours.
You fail to use your ability.
You are engulfed in freezing vapours.
You resist. The ice encasing you melts away.
Domubin is engulfed in freezing vapours.
Domubin bursts into living lightning!
The living lightning hits you.
Domubin blinks! x2
Unknown command.
Okay, then.
Okay, then.
You feel protected.
You are engulfed in freezing vapours.
You resist. You block Domubin's attack.
Tapibb is lost in a daze.
You hit Domubin but do no damage.
Domubin is lightly wounded.
You are engulfed in freezing vapours.
You resist.
Domubin is lost in a daze.
Domubin is engulfed in freezing vapours.
Domubin bursts into living lightning!
The living lightning hits you. You resist.
* * * LOW HITPOINT WARNING * * *
Domubin blinks!
Tapibb is lost in a daze.
You feel much better.
You are engulfed in freezing vapours.
You resist.
Domubin is engulfed in freezing vapours.
Domubin pecks you. Space bends around you. Tapibb hits you!!
* * * LOW HITPOINT WARNING * * *
Domubin is lost in a daze.
Tapibb is engulfed in freezing vapours.
Tapibb is lost in a daze.
Okay, then.
You fail to use your ability.
You are engulfed in freezing vapours.
You resist.
* * * LOW HITPOINT WARNING * * *
Domubin is engulfed in freezing vapours.
Domubin pecks you!
* * * LOW HITPOINT WARNING * * *
Tapibb hits you!!
You die...

▓..))[..▓
▓..:|}..▓
▓.......▓
▓..§§☼..▓
▓.§§°☼§.▓
☼○☼.○.°
▓°▓°&&▓○▓
▓.°°@☼☼°▓
▓▓▓▓▓▓▓▓▓


You could see Domubin (dazed) and Tapibb (dazed).

Vanquished Creatures
  A mummy priest (D)
  A slime creature (D)
  Sigmund (D)
  2 golden eyes (D)
  A necrophage (D)
  Blork the orc (D)
  3 scorpions (D)
  A quasit (D)
  Crazy Yiuf (D)
  An iron imp (D)
  Jessica (D)
  3 mummies (D)
  A shadow imp (D)
  An ufetubus (D)
  An endoplasm (D)
  A ball python zombie (D)
  A quokka zombie (D)
22 creatures vanquished.

Notes
Turn   | Place    | Note
-------+----------+-------------------------------------------
     0 | D        | Rocko1345 the Human Wanderer began the quest for the Orb.
     0 | D        | Rocko1345 set off with the following items: a +2 dagger, 2
                  | potions of berserk rage, a +0 falchion, a +0 spear, a +0
                  | robe, a potion of curing, a potion of heal wounds, a potion
                  | of haste, 2 potions of magic, a scroll of blinking
     0 | D        | Reached XP level 1. HP: 18/18 MP: 1/1
     0 | D        | Found a shimmering blue altar of Sif Muna.
     0 | D        | Found a bloodstained altar of Trog.
     0 | D        | Found a sacrificial altar of Ru.
     0 | D        | Found a stormy altar of Qazlal.
     0 | D        | Found an iron altar of Okawaru.
     1 | D        | Found a sparkling altar of Nemelex Xobeh.
     1 | D        | Found a blossoming altar of Fedhas.
     1 | D        | Found the +6 Majin-Bo {vamp, MP+6 Int+6}
     1 | D        | Found the +9 heavy crossbow "Sniper" {vorpal, Acc+∞ SInv}
     1 | D        | Found the +10 dark maul {vorpal}
     1 | D        | Found the +15 Maxwell's patent armour {-Cast -Tele rElec
                  | Will+ rCorr}
     1 | D        | Found the +18 shield of the Gong {rElec rN+ Will+ EV-5}
     1 | D        | Found the +14 obsidian axe {vorpal, Mesm Drain Fly SInv}
     1 | D        | Found the +7 great mace "Firestarter" {inner flame, rF++}
     1 | D        | Found the +6 shillelagh "Devastator" {shatter}
     1 | D        | Found the +11 plutonium sword {Contam Stlth-}
     1 | D        | Found the +8 lance "Wyrmbane" {slay drac, rPois rF+ rC+
                  | AC+3}
     1 | D        | Found the +9 sword of Zonguldrok {reap}
     1 | D        | Found the +13 scythe of Curses {drain, Drain}
     1 | D        | Found the +5 sword of Power {vorpal}
     1 | D        | Found the +7 mace of Variability {chain chaos}
     1 | D        | Found the +7 Singing Sword {vorpal, sonic wave}
     1 | D        | Found the +8 storm bow {elec, penet}
     3 | D        | Found a transporter.
     3 | D        | Found an ancient bone altar of Kikubaaqudgha.
     3 | D        | Found a viscous altar of Jiyva.
     3 | D        | Found a corrupted altar of Lugonu.
     3 | D        | Found a hazy altar of Hepliaklqana.
     3 | D        | Found a burning altar of Makhleb.
     3 | D        | Found an opulent altar of Gozag.
    22 | D        | Reached skill level 1 in Axes
    22 | D        | Reached skill level 1 in Maces & Flails
    22 | D        | Reached skill level 1 in Throwing
    22 | D        | Reached skill level 1 in Unarmed Combat
    22 | D        | Reached skill level 1 in Fire Magic
    22 | D        | Reached XP level 2. HP: 24/24 MP: 1/3
   132 | D        | Became a worshipper of the Shining One
   183 | D        | Entered arena 2.
   183 | D        | Noticed a necrophage
   183 | D        | Reached * piety under the Shining One
   183 | D        | Found a transporter.
   187 | D        | Killed a necrophage
   188 | D        | Reached skill level 5 in Fighting
   188 | D        | Reached skill level 1 in Long Blades
   188 | D        | Reached skill level 5 in Polearms
   188 | D        | Reached XP level 3. HP: 34/34 MP: 4/4
   188 | D        | Reached XP level 4. HP: 40/40 MP: 5/5
   192 | D        | Got the +8 shortbow of Gozag's Pride {freeze, rC+ Will+}
   203 | D        | Entered arena 3.
   203 | D        | Noticed a scorpion
   203 | D        | Noticed a scorpion
   203 | D        | Reached ** piety under the Shining One
   203 | D        | Noticed a scorpion
   203 | D        | Found a transporter.
   206 | D        | Killed a scorpion
   206 | D        | Killed a scorpion
   207 | D        | Reached skill level 7 in Fighting
   207 | D        | Reached XP level 5. HP: 46/48 MP: 6/6
   207 | D        | Reached XP level 6. HP: 53/55 MP: 7/7
   218 | D        | Got the ring "Ukiaph" {rF+ rC+}
   220 | D        | Got Beceg's Almanac of Transformation and Enchantment
   225 | D        | Entered arena 4.
   225 | D        | Noticed Sigmund
   225 | D        | Noticed Jessica
   225 | D        | Noticed Blork the orc
   225 | D        | Noticed Crazy Yiuf
   225 | D        | Found a transporter.
   228 | D        | Killed Jessica
   228 | D        | Reached *** piety under the Shining One
   229 | D        | Reached skill level 8 in Fighting
   229 | D        | Killed Blork the orc
   231 | D        | Killed Sigmund
   232 | D        | Reached skill level 9 in Fighting
   232 | D        | Reached XP level 7. HP: 32/64 MP: 8/8
   232 | D        | Killed Crazy Yiuf
   394 | D        | Entered arena 5.
   394 | D        | Found the +8 mithril axe "Arga" {speed, Will+}
   394 | D        | Noticed a slime creature
   394 | D        | Noticed a golden eye
   394 | D        | Noticed a golden eye
   394 | D        | Found a transporter.
   404 | D        | Killed a golden eye
   405 | D        | Reached skill level 5 in Long Blades
   417 | D        | Killed a golden eye
   418 | D        | Reached skill level 5 in Armour
   418 | D        | Reached XP level 8. HP: 24/72 MP: 9/9
   418 | D        | Killed a slime creature
   419 | D        | Reached skill level 10 in Fighting
   419 | D        | Reached skill level 1 in Dodging
   648 | D        | Entered arena 6.
   648 | D        | Noticed a mummy priest
   648 | D        | Reached **** piety under the Shining One
   648 | D        | Reached ***** piety under the Shining One
   648 | D        | Found a transporter.
   653 | D        | Killed a mummy priest
   654 | D        | Reached skill level 5 in Shields
   654 | D        | Reached XP level 9. HP: 44/79 MP: 10/10
   824 | D        | Entered arena 7.
   824 | D        | Noticed Domubin the pandemonium lord
   824 | D        | Reached ****** piety under the Shining One
   824 | D        | Noticed Tapibb the pandemonium lord
   831 | D        | HP: 3/79 [Domubin the pandemonium lord (10)]
   831 | D        | Annihilated by Tapibb the pandemonium lord

Illustrated notes

Levels and vault maps discovered:
D:        sprint_v [room_start, room_1, room_2, room_3, room_4, room_5, room_6,
          room_7, room_8, room_9, room_10, room_11, room_12, room_13, room_14,
          room_15, room_16, room_17, room_18, room_19, room_20, room_21,
          room_22, room_23, room_24, room_25, room_26, room_27]

Skill      XL: |  1  2  3  4  5  6  7  8 |
---------------+-------------------------+-----
Axes           | 1 |  1.3
Maces & Flails | 1 |  1.1
Throwing       | 1 |  1.2
Armour         | 2 3 5 7 |  7.6
Shields        | 2 3 5 |  5.4
Unarmed Combat | 1 |  1.2
Fire Magic     | 1 |  1.1
Fighting       | 5 7 9 10 | 10.6
Long Blades    | 1 2 4 5 8 |  8.5
Polearms       | 5 7 8 9 |  9.3
Stealth        | 3 4 |  4.9
Dodging        | 1 |  1.4
Short Blades   | |  0.8
Staves         | |  0.8
Slings         | |  0.8
Bows           | |  0.8
Crossbows      | |  0.8
Spellcasting   | |  0.7
Conjurations   | |  0.8
Hexes          | |  0.8
Summonings     | |  0.8
Necromancy     | |  0.8
Translocations | |  0.8
Transmutations | |  0.8
Ice Magic      | |  0.8
Air Magic      | |  0.8
Earth Magic    | |  0.8
Poison Magic   | |  0.8
Evocations     | |  0.8

Action                   |  1- 3 |  4- 6 |  7- 9 || total
-------------------------+-------+-------+-------++-------
Melee: Double sword      |     2 |    11 |    17 ||    30
  Use: Potion            |     1 |       |     6 ||     7
       Scroll            |       |       |     1 ||     1
Armor: Plate armour      |     2 |     6 |    17 ||    25
Dodge: Dodged            |       |     1 |     6 ||     7
Block: Kite shield       |     2 |     9 |     8 ||    19

Table legend: (Time is in decaauts)
 A = Elapsed time spent in this place.
 B = Non-inter-level travel time spent in this place.
 C = Inter-level travel time spent in this place.
 D = Time resting spent in this place.
 E = Time spent auto-exploring this place.
 F = Levels seen in this place.
 G = Mean time per level.
                   A        B        C        D        E       F      G
               +--------+--------+--------+--------+--------+-----+--------+
         Total |    844 |    844 |      0 |    507 |      0 |   1 |  844.0 |
       Dungeon |    844 |    844 |      0 |    507 |      0 |   1 |  844.0 |
               +--------+--------+--------+--------+--------+-----+--------+

Top non-repeatable levels by time:
       D: 844 daAuts
